← All builds
Suicide front / Armada / Factory first / OBSERVED BUILD

Standard suicide front

The role's default: factory first (mostly Bot Lab), pushing Rocketeer-led bot play into the middle to contest and hold the front, with an Advanced Metal Extractor around 9:36 as the natural transition.

Usually lab first (63%)

#raid #push · 1291 distinct matches · 127 players · 71% of Armada Suicide front games · team won 59% of 1529 · Recently observed

HOW TO PLAY IT

Key timing: Bot Lab by 0:20

  1. Open with mex and wind, drop Bot Lab immediately.
  2. Push out first "Centurion" as Pond's boost lands.
  3. Send "Rocketeer", "Centurion", "Pawn" mix to contest middle.
  4. Add Dragon's Teeth and Sentries to hold the line.
  5. Get Advanced Metal Extractor up as T2 nears.

Phase by phase

TYPICAL OF ITS 1291 GAMES
  1. 1
  2. 2
  3. 3
PLAY THE OPENING

Follow the example game's first 6:00 step by step: what to build now, what comes next, and where it goes. At 1× it keeps pace with your own game.

  1. 1

    Bot Lab first

    Order
    1. Bot LabBot Lab done ~0:20, middle half 0:20–0:33

    Some games also: mex (36%)

  2. 2

    Bot Lab to 5:00

    Economy
    • Metal Extractor5Mex
    • Wind Turbine4Wind
    Builders
    • Construction Bot3 Con bot
    • Lazarus2 Lazarus
    Army
    • Sentry4 Sentry
    • Rocketeer17 Rocketeer
    • Tick2 Tick
    • Centurion1 Centurion
    Other
    • Radar Tower1 Radar Tower

    Some games also: con turret (35%) · pawn (32%)

    By 5:00 in all: 5 mex · 4 wind

    The example game in this phase · 37 steps
    1. TickTick
    2. Construction BotCon bot ×2
    3. SentrySentry
    4. LazarusLazarus
    5. Mex ×2
    6. CenturionCenturion
    7. BeamerBeamer
    8. Mex
    9. BeamerBeamer
    10. Construction BotCon bot
    11. Mex
    12. LazarusLazarus
    13. Mex
    14. Construction BotCon bot
    15. Wind
    16. Con turret
    17. BeamerBeamer
    18. CenturionCenturion
    19. Wind ×3
    20. RocketeerRocketeer
    21. BeamerBeamer
    22. Wind
    23. RocketeerRocketeer
    24. Wind
    25. RocketeerRocketeer
    26. Energy storage
    27. RocketeerRocketeer ×2
    28. TickTick
    29. LazarusLazarus
    30. Wind
    31. RocketeerRocketeer ×3
    32. Wind
    33. RocketeerRocketeer ×2
    34. TickTick
    35. Wind
    36. LazarusLazarus
    37. RocketeerRocketeer
  3. 3

    5:00 to 10:00

    Economy
    • Metal Extractor1Mex
    • Wind Turbine17Wind
    Builders
    • Construction Turret2 Con turret
    • Lazarus2 Lazarus
    • Construction Bot1 Con bot
    Army
    • Sentry1 Sentry
    • Rocketeer8 Rocketeer
    • Pawn1 Pawn

    Some games also: tick (47%) · energy storage (46%) · Radar Tower (46%) · centurion (45%) · Beamer (39%)

    By 10:00 in all: 6 mex · 23 wind · 1 energy storage · 3 con turret

    The example game in this phase · 131 steps
    1. Wind
    2. RocketeerRocketeer ×2
    3. Wind
    4. RocketeerRocketeer ×2
    5. Wind
    6. SentrySentry
    7. TickTick
    8. LazarusLazarus
    9. Wind
    10. RocketeerRocketeer
    11. Mex
    12. RocketeerRocketeer ×2
    13. Wind
    14. RocketeerRocketeer
    15. SentrySentry
    16. Converter
    17. RocketeerRocketeer
    18. Wind
    19. RocketeerRocketeer
    20. TickTick
    21. LazarusLazarus
    22. SentrySentry
    23. Wind
    24. RocketeerRocketeer ×2
    25. CenturionCenturion
    26. Converter
    27. Wind
    28. RocketeerRocketeer ×2
    29. Wind
    30. SentrySentry
    31. TickTick
    32. LazarusLazarus
    33. Converter
    34. SentrySentry
    35. Wind
    36. PawnPawn ×3
    37. Wind
    38. PawnPawn
    39. SentrySentry
    40. PawnPawn
    41. Converter
    42. Wind
    43. Radar TowerRadar Tower
    44. PawnPawn
    45. SentrySentry
    46. LazarusLazarus
    47. Wind
    48. PawnPawn ×3
    49. Wind
    50. PawnPawn ×3
    51. Wind
    52. LazarusLazarus
    53. PawnPawn ×2
    54. Wind
    55. PawnPawn ×4
    56. Wind
    57. LazarusLazarus
    58. Converter
    59. PawnPawn
    60. Wind
    61. PawnPawn ×2
    62. Wind
    63. Converter
    64. PawnPawn ×2
    65. Wind
    66. PawnPawn
    67. Converter
    68. Advanced Metal ExtractorT2 mexdone 11:02
    69. LazarusLazarus
    70. Wind
    71. PawnPawn
    72. Con turret
    73. PawnPawn ×3
    74. Converter
    75. PawnPawn ×2
    76. LazarusLazarus
    77. PawnPawn
    78. Advanced Metal ExtractorT2 mex
    79. PawnPawn ×5
    80. LazarusLazarus
    81. PawnPawn
    82. Advanced Metal ExtractorT2 mex
    83. PawnPawn
    84. BeamerBeamer
    85. PawnPawn ×4
    86. LazarusLazarus
    87. PawnPawn
    88. Dragon's TeethDragon's Teeth ×2
    89. PawnPawn
    90. Dragon's TeethDragon's Teeth
    91. Converter
    92. Dragon's TeethDragon's Teeth
    93. PawnPawn
    94. Dragon's TeethDragon's Teeth
    95. PawnPawn
    96. Advanced Metal ExtractorT2 mex
    97. Dragon's TeethDragon's Teeth
    98. PawnPawn
    99. Dragon's TeethDragon's Teeth
    100. PawnPawn
    101. Dragon's TeethDragon's Teeth
    102. BeamerBeamer
    103. LazarusLazarus
    104. Dragon's TeethDragon's Teeth ×2
    105. PawnPawn
    106. Con turret
    107. Dragon's TeethDragon's Teeth
    108. PawnPawn
    109. Dragon's TeethDragon's Teeth
    110. Radar TowerRadar Tower
    111. PawnPawn
    112. Dragon's TeethDragon's Teeth
    113. PawnPawn
    114. Dragon's TeethDragon's Teeth
    115. PawnPawn
    116. Dragon's TeethDragon's Teeth ×2
    117. PawnPawn
    118. BeamerBeamer
    119. LazarusLazarus
    120. Dragon's TeethDragon's Teeth
    121. BeamerBeamer
    122. PawnPawn ×3
    123. Fusion ReactorFusionnot finished by 15:00
    124. PawnPawn ×2
    125. Con turret ×2
    126. PawnPawn
    127. LazarusLazarus
    128. PawnPawn ×2
    129. Con turret
    130. Advanced Metal ExtractorT2 mex
    131. PawnPawn ×2

Counts are medians over the build's games: half of them build more, half fewer. The example game is Soliloqueur's (42 OS, 22/09/2026); pick another.

Team trades

IN AT LEAST 30% OF ITS GAMES

You hand over

Nothing regular.

You get

  • Tidal Generator4 Tidal from Pondfirst at 0:10 · in 69% of games
  • Advanced Construction Bot1 T2 con bot from Geo or Techfirst at 7:30 · in 59% of games

How it plays out

Typical game of this build, running totals by minute

Metal produced

010k20k30k
0:005:0010:0015:00

metal

Enemy metal destroyed

05k10k
0:005:0010:0015:00

metal

Own metal lost

05k10k
0:005:0010:0015:00

metal

1529 games.

Show as table
ByMetal produced: This buildEnemy metal destroyed: This buildOwn metal lost: This build
1:0022600
2:0088800
3:002051180106
4:003161658496
5:00424314131026
6:00543322981789
7:00667031752710
8:00792040313619
9:00931747964495
10:001069954265316
11:001226559036054
12:001411365126830
13:001622270137536
14:001810976968373
15:002046683299249
WHAT THE NUMBERS SAY

Standard suicide front play wins slightly more than half its games with fast kills but also fast losses, matching the raw grind of the role.

  • + First kill lands by 2:04 in all games
  • + Metal produced reaches 19882 by 15:00
  • − Own metal lost hits 9208 by 15:00, near metal destroyed of 8172
  • − First unit lost as early as 2:08 in every game
THE EXAMPLE YOU ARE READING

Soliloqueur

42.5 OS · 22/09/2026

Open source match ↗

6 received units · includes a constructor
390 metal received · 135593 energy received

Allied construction assistance is unknown. Timings are observations, not a promise of solo reproducibility.

Typical milestones

Bot Lab0:20Middle 50%: 0:20–0:33 · n=1522
Advanced Metal Extractor9:36Middle 50%: 8:41–10:48 · n=1128

Played most by

_X_253games of this buildPlatinumBlonde181games of this buildXad120games of this buildImmort73games of this buildwatermeloans60games of this build